 Dungeon Crawl Stone Soup version 0.21.1-1-g345015f (webtiles) character file.

146 IDDQD the Shield-Bearer (level 5, -1/52 HPs)
             Began as a Troll Fighter on Apr 20, 2018.
             Slain by Verendum's ghost (9 damage)
             ... on level 3 of the Dungeon.
             The game lasted 00:23:58 (3079 turns).

IDDQD the Shield-Bearer (Troll Fighter)             Turns: 3079, Time: 00:23:59

Health: -1/52      AC:  5    Str: 25      XL:     5   Next: 7%
Magic:  4/4        EV:  7    Int:  4      God:
Gold:   140        SH:  8    Dex:  2 (9)  Spells: 4/4 levels left

rFire    . . .     SeeInvis .   x - +2 war axe (venom)
rCold    . . .     Gourm    +   c - +0 shield
rNeg     . . .     Faith    .   b - +0 robe
rPois    .         Spirit   .   (helmet restricted)
rElec    .         Reflect  .   (no cloak)
rCorr    .         Harm     .   (gloves unavailable)
MR       .....                  (boots unavailable)
Stlth    +.........             (no amulet)
HPRegen  0.57/turn              (no ring)
MPRegen  0.09/turn              (no ring)

@: no status effects
A: large, unfitting armour, claws 3, fast metabolism 3, gourmand, regeneration
1, shaggy fur 1, tough skin 2
a: no special abilities


You were on level 3 of the Dungeon.
You were not hungry.

You visited 1 branch of the dungeon, and saw 3 of its levels.

You collected 140 gold pieces.

Inventory:

Hand Weapons
 a - a +0 flail
 x - a +2 war axe of venom (weapon)
Missiles
 l - 4 javelins (quivered)
 p - 12 arrows
 s - 67 bolts
 y - 20 poisoned needles
Armour
 b - a +0 robe (worn)
 c - a +0 shield (worn)
 g - a +0 helmet
 i - a +0 ring mail
 n - a +0 scale mail
 r - a cursed +0 pair of gloves
 w - a cursed +0 robe
 A - a +0 leather armour
Wands
 t - a wand of paralysis (18)
Scrolls
 e - 3 scrolls of identify {unknown}
 j - a scroll of fog {unknown}
 k - a scroll of blinking {unknown}
 q - a scroll of enchant weapon {unknown}
 u - 3 scrolls of teleportation {unknown}
 v - 2 scrolls of immolation {unknown}
Potions
 d - 3 potions of might
 h - a potion of degeneration {unknown}
 m - a potion of brilliance {unknown}
 o - a potion of flight {unknown}
 z - a potion of magic {unknown}
 B - a potion of resistance {unknown}
Comestibles
 f - 3 rations


   Skills:
 + Level 2.9 Fighting
 + Level 2.9 Maces & Flails
 + Level 3.1 Dodging
 + Level 0.6 Stealth
 + Level 3.1 Shields


You had 4 spell levels left.
You didn't know any spells.

Dungeon Overview and Level Annotations

Branches:
Dungeon (3/15)

Altars:
Dithmenos

Annotations:
D:3 Verendum's ghost, amateur GrAK


Innate Abilities, Weirdness & Mutations

You are too large for most types of armour.
You have claws for hands.
Your metabolism is lightning-fast.
You like to eat raw meat.
Your natural rate of healing is unusually fast.
You are covered in fur. (AC +1)
You have very tough skin. (AC +2)


Message History

Verendum's ghost is almost destroyed.
Verendum's ghost hits you. Verendum's ghost hits you!
You closely miss Verendum's ghost.
Verendum's ghost is severely damaged.
Verendum's ghost barely misses you.
You barely miss Verendum's ghost.
Verendum's ghost is severely damaged.
You block Verendum's ghost's attack. x2
You hit Verendum's ghost.
Verendum's ghost is almost destroyed.
You block Verendum's ghost's attack.
You closely miss Verendum's ghost.
Verendum's ghost is almost destroyed.
Verendum's ghost hits you!
* * * LOW HITPOINT WARNING * * *
Verendum's ghost barely misses you.
You closely miss Verendum's ghost.
Verendum's ghost is almost destroyed.
Verendum's ghost hits you!
You die...

..............##.#
.................#
.................#
..[..............#
...............#.#
.......######..#.#
.......# #..#.#
###..########..#W#
..... ......>.#@#
####.#.........#.#
#.#.######..#..
#.......##..####
#)..##..#
#...##..#
#.#.....#
.#.#.#...#
...#.....#


You could see Verendum's ghost.

Vanquished Creatures
  A quasit (D:3)
  Jessica (D:2)
  4 adders (D:2)
  A dart slug (D:3)
  A leopard gecko (D:2)
  2 orcs (D:3)
  3 giant cockroaches
  4 goblins
  4 hobgoblins (D:2)
  2 ball pythons
  7 bats
  8 frilled lizards
  11 kobolds
  7 rats
56 creatures vanquished.

Notes
Turn   | Place    | Note
-------+----------+-------------------------------------------
     0 | D:1      | IDDQD the Troll Fighter began the quest for the Orb.
     0 | D:1      | Reached XP level 1. HP: 22/22 MP: 0/0
   769 | D:1      | Reached XP level 2. HP: 29/29 MP: 1/1
  1579 | D:2      | Reached XP level 3. HP: 31/36 MP: 2/2
  2009 | D:2      | HP: 1/36 [kobold/whip (1)]
  2040 | D:2      | Paralysed by fainting for 7 turns
  2296 | D:2      | Reached XP level 4. HP: 44/44 MP: 3/3
  2405 | D:2      | Noticed Jessica
  2416 | D:2      | Killed Jessica
  2754 | D:3      | Found a shadowy altar of Dithmenos.
  3022 | D:3      | Noticed Verendum's ghost (amateur GrAK)
  3065 | D:3      | Reached XP level 5. HP: 25/52 MP: 4/4
  3079 | D:3      | Slain by Verendum's ghost

Skill      XL: |  1  2  3  4 |
---------------+-------------+-----
Maces & Flails | 2 |  2.9
Shields        | 3 |  3.1
Dodging        | 3 |  3.1
Fighting       | |  2.9
Stealth        | |  0.6

Action                   |  1- 3 |  4- 6 || total
-------------------------+-------+-------++-------
Melee: Flail             |   148 |    30 ||   178
       War axe           |       |    47 ||    47
  Eat: Ration            |     6 |     2 ||     8
Armor: Robe              |    78 |   142 ||   220
Dodge: Dodged            |    73 |   109 ||   182
Block: Shield            |   119 |   136 ||   255
